AoeStats
← BIGGG

Nomad

511037997Analyzed
2v2 RM · 6h ago on Oct 3, 2026· 40m 22s· 4 players
Game mode
Random Map
Map size
176×176
Population
200
Speed
Normal
Resources
Standard
Victory
Conquest
Starting age
Dark Age
Ending age
Imperial Age
RankedLock teamsTeams togetherTeam positionsShared explorationLock speedFull tech treeHidden civsTurbo modeCheats
Victory
Defeat
🇨🇳 Japanese · China
1358
+10
🇨🇳 Teutons · China
1100
+20
🇹🇼 Danes · Taiwan
1216
-15
🇹🇼 Saxons · Taiwan
1216
-15
ΑŸĂΝ
4:39 Loom
13:34 Feudal Age
17:49 Castle Age
17:39 Double-Bit Axe
17:58 Arson
18:24 Forging
18:16 Scale Mail Armor
19:06 Stone Mining
19:28 Bow Saw
19:51 Squires
20:58 Wheelbarrow
26:13 Fletching
29:39 Horse Collar
31:22 Forging
31:19 Heavy Plow
35:18 Wheelbarrow
34:11 Hamask
35:53 Chain Mail Armor
39:59 Iron Casting
mengshueh
5:24 Loom
13:46 Feudal Age
14:25 Town Watch
14:36 Man-at-Arms
15:42 Arson
17:01 Horse Collar
17:12 Double-Bit Axe
22:54 Fletching
23:15 Forging
30:52 Castle Age
34:41 Long Swordsman
35:47 Gambesons
高血压选手
3:16 Loom
12:34 Feudal Age
13:11 Town Watch
16:32 Castle Age
14:39 Double-Bit Axe
18:20 Bow Saw
18:52 Scale Mail Armor
25:12 Demolition Ship
26:06 Medium Warships
26:16 Horse Collar
28:59 Fishing Lines
31:45 Forging
32:53 Chain Mail Armor
33:06 Heavy Plow
37:25 Imperial Age
35:31 Wheelbarrow
35:22 Squires
35:22 Gold Mining
36:49 Iron Casting
36:36 Arson
37:43 Fletching
38:27 Conscription
38:40 Plate Mail Armor
38:55 Stone Mining
39:22 Hand Cart
39:17 Siege Engineers
38:52 Treadmill Crane
39:05 Elite Samurai
40:56 Two-Man Saw
40:47 Kataparuto
40:42 Yasama
41:44 Chemistry
BIGGG
13:45 Feudal Age
12:27 Loom
17:36 Castle Age
15:25 Double-Bit Axe
17:09 Horse Collar
35:12 Bow Saw
36:16 Bloodlines
Connection lost

Rejoining the realm…

Still unreachable

The connection could not be restored.

Session expired

The server has moved on; the page needs a fresh start.